 Dungeon Sprint DCSS version 0.31-a0-4-gefa6de2278 (webtiles) character file.

Game seed: 4923033893244091094

1306 rocky1 the Thaumaturge (level 8, 0/41 HPs)
             Began as a Deep Elf Earth Elementalist on May 3, 2023.
             Was a High Priest of Sif Muna.
             Slain by an ogre
             ... wielding a +0 giant club
              (21 damage)
             ... in the Dungeon (Sprint VII: "The Pits").
             The game lasted 00:02:53 (1075 turns).

rocky1 the Thaumaturge (DEEE)                       Turns: 1075, Time: 00:02:53

Health: 0/41       AC:  2    Str:  5    XL:     8   Next: 32%
Magic:  10/24      EV: 12    Int: 23    God:    Sif Muna [*****.]
Gold:   0          SH:  0    Dex: 15    Spells: 24/28 levels left

rFire   . . .        l - +2 long sword (flame)
rCold   . . .        (no shield)
rNeg    . . .        a - +0 robe
rPois   .            (no helmet)
rElec   .            (no cloak)
rCorr   .            (no gloves)
SInv    .            (no boots)
Will    .....        (no amulet)
Stlth   ++++         (no ring)
HPRegen 0.26/turn    (no ring)
MPRegen 0.19/turn

%: no teleportation
@: no status effects
A: no striking features
a: Renounce Religion, Channel Magic, Forget Spell, Divine Exegesis


You were in the Dungeon.
You worshipped Sif Muna.
Sif Muna was extremely pleased with you.
You visited 1 branch

Inventory:

Hand Weapons
 l - a +2 long sword of flaming (weapon)
Armour
 a - a +0 robe (worn)
Scrolls
 g - a scroll of blinking
 i - 5 scrolls of amnesia
 j - a scroll of butterflies
Potions
 b - 3 potions of magic
 c - 2 potions of heal wounds
 d - 5 potions of curing
 e - a potion of haste
 f - 3 potions of berserk rage
 h - 2 potions of invisibility


   Skills:
 - Level 2.5 Dodging
 + Level 7.6 Stealth
 * Level 10.7 Spellcasting
 + Level 5.9 Conjurations
 - Level 1.1 Transmutations
 * Level 8.5 Fire Magic
 * Level 7.7 Air Magic
 * Level 9.5 Earth Magic
 + Level 6.0 Invocations


You had 24 spell levels left.
You knew the following spells:

 Your Spells              Type           Power      Damage    Failure   Level
a - Sandblast             Erth           100%       2d20      1%          1
b - Stone Arrow           Conj/Erth      96%        3d13      1%          3

Your spell library contained the following spells:

 Spells                   Type           Power      Damage    Failure   Level
 Passwall                 Tmut/Erth      30%        N/A       1%          2
 Static Discharge         Conj/Air       88%        2-6/arc   1%          2
 Swiftness                Air            48%        N/A       1%          3
 Petrify                  Tmut/Erth      36%        N/A       6%          4
 Fire Storm               Conj/Fire      22%        8d6       100%        9


Dungeon Overview and Level Annotations

Branches:
Dungeon (1/1)

Altars:
Ashenzari
Cheibriados
Dithmenos
Elyvilon
Fedhas
Gozag
Hepliaklqana
Kikubaaqudgha
Makhleb
Nemelex Xobeh
Okawaru
Qazlal
Ru
Sif Muna
Trog
Uskayaw
Vehumet
Wu Jian
Xom
Yredelemnul
Zin
The Shining One
Jiyva
Lugonu


Message History

HP restored.
Okay, then.
There is an open door here.
You see here a +0 halberd.
You open the door.
An ogre, a flying skull, a hound and a kobold come into view.
Aiming: Stone Arrow (safe; 1% risk of failure)
Press: ? - help, Q - select action, (/) - cycle Shift-Dir - straight line, f - kobold
Aim: a kobold, wielding a +0 whip and quivering stones (asleep, 100% to hit)
The stone arrow hits the kobold!
You kill the kobold!
Sif Muna accepts your kill.
The flying skull gives a hideous shriek!
The hound barks!
The ogre shouts!
Aiming: Stone Arrow (safe; 1% risk of failure)
Press: ? - help, Q - select action, (/) - cycle Shift-Dir - straight line, f - hound
Aim: a hound (67% to hit)
The stone arrow hits the hound!!
You kill the hound!
Sif Muna accepts your kill.
Aiming: Stone Arrow (safe; 1% risk of failure)
Press: ? - help, Q - select action, (/) - cycle Shift-Dir - straight line, f - ogre
Aim: an ogre, wielding a +0 giant club (89% to hit)
The stone arrow misses the ogre.
The stone arrow misses the flying skull.
Unknown command.
Aiming: Stone Arrow (safe; 1% risk of failure)
Press: ? - help, Q - select action, (/) - cycle Shift-Dir - straight line, f/p - ogre
Aim: an ogre, wielding a +0 giant club (89% to hit)
The stone arrow hits the ogre!!
The ogre is severely wounded.
The ogre hits you with a +0 giant club!!
Aiming: Stone Arrow (safe; 1% risk of failure)
Press: ? - help, Q - select action, (/) - cycle Shift-Dir - straight line, f/p - ogre
Aim: an ogre, wielding a +0 giant club (severely wounded, 89% to hit)
The stone arrow misses the ogre.
The stone arrow misses the flying skull.
The ogre hits you with a +0 giant club!!
Ouch! That really hurt!
You die...

#.##'#))#'###...<...#
#.#.†).....##.......#
#)#.)......##.......#
#)###########.......#
#).#.#.##.. #########
#.......#.#
##.#.#.##z#
#.......#O#
##.#.#.##@+
#.......#'#
##.#.#..'†#
##########


You could see an ogre and a flying skull.

Vanquished Creatures
  An orc high priest (D)
  2 flying skulls (D)
  A floating eye (D)
  A wolf (D)
  A gnoll sergeant (D)
  A quasit (D)
  A hound (D)
  2 orc wizards (D)
  6 gnolls (D)
  2 adders (D)
  A worm (D)
  2 orcs (D)
  An endoplasm (D)
  A goblin (D)
  2 kobolds (D)
  2 quokkas (D)
27 creatures vanquished.

Notes
Turn   | Place    | Note
-------+----------+-------------------------------------------
     0 | D        | rocky1 the Deep Elf Earth Elementalist began the quest for
                  | the Orb.
     0 | D        | Reached XP level 1. HP: 10/10 MP: 6/6
    40 | D        | Found a bloodstained altar of Trog.
    40 | D        | Found a shimmering blue altar of Sif Muna.
    40 | D        | Found a viscous altar of Jiyva.
    40 | D        | Found a hazy altar of Hepliaklqana.
    40 | D        | Found an opulent altar of Gozag.
    41 | D        | Found a glowing golden altar of the Shining One.
    41 | D        | Found a glowing silver altar of Zin.
    41 | D        | Found a basalt altar of Yredelemnul.
    41 | D        | Found a shimmering altar of Xom.
    41 | D        | Found an ornate altar of the Wu Jian Council.
    41 | D        | Found a sacrificial altar of Ru.
    41 | D        | Found a stormy altar of Qazlal.
    41 | D        | Found an iron altar of Okawaru.
    41 | D        | Found a sparkling altar of Nemelex Xobeh.
    41 | D        | Found a burning altar of Makhleb.
    41 | D        | Found a blossoming altar of Fedhas.
    41 | D        | Found a white marble altar of Elyvilon.
    41 | D        | Found a shadowy altar of Dithmenos.
    41 | D        | Found a snail-covered altar of Cheibriados.
    44 | D        | Found a corrupted altar of Lugonu.
    44 | D        | Found a radiant altar of Vehumet.
    45 | D        | Found an ancient bone altar of Kikubaaqudgha.
    45 | D        | Found a hide-covered altar of Uskayaw.
    45 | D        | Found a broken altar of Ashenzari.
    48 | D        | Became a worshipper of Sif Muna the Loreminder
    64 | D        | Reached skill level 1 in Fire Magic
    64 | D        | Reached skill level 1 in Air Magic
    64 | D        | Reached skill level 1 in Invocations
    64 | D        | Reached XP level 2. HP: 11/15 MP: 2/8
   120 | D        | Reached * piety under Sif Muna
   121 | D        | Reached skill level 4 in Spellcasting
   121 | D        | Reached skill level 1 in Conjurations
   123 | D        | Reached XP level 3. HP: 12/19 MP: 3/11
   283 | D        | Noticed a floating eye
   287 | D        | Killed a floating eye
   288 | D        | Reached skill level 6 in Spellcasting
   288 | D        | Reached skill level 5 in Earth Magic
   288 | D        | Reached XP level 4. HP: 24/24 MP: 10/14
   288 | D        | Reached XP level 5. HP: 28/28 MP: 10/15
   506 | D        | Reached ** piety under Sif Muna
   638 | D        | Reached *** piety under Sif Muna
   639 | D        | Reached skill level 5 in Stealth
   639 | D        | Reached skill level 7 in Spellcasting
   639 | D        | Reached skill level 5 in Fire Magic
   664 | D        | Learned a level 3 spell: Stone Arrow
   709 | D        | Noticed a flying skull
   710 | D        | Noticed a flying skull
   716 | D        | Reached **** piety under Sif Muna
   719 | D        | Noticed a wolf
   724 | D        | Killed a flying skull
   725 | D        | Reached skill level 8 in Spellcasting
   725 | D        | Reached skill level 5 in Air Magic
   725 | D        | Reached XP level 6. HP: 19/32 MP: 8/19
   726 | D        | Killed a flying skull
   727 | D        | Reached XP level 7. HP: 32/36 MP: 5/21
   728 | D        | Reached skill level 9 in Spellcasting
   730 | D        | Reached ***** piety under Sif Muna
   731 | D        | Reached skill level 5 in Conjurations
   731 | D        | Reached skill level 5 in Invocations
   951 | D        | Noticed an orc high priest
   956 | D        | Killed an orc high priest
   956 | D        | Received a gift from Sif Muna
   957 | D        | Reached skill level 10 in Spellcasting
   957 | D        | Reached XP level 8. HP: 12/41 MP: 5/24
   957 | D        | Got Sif Muna's Almanac of the Pyromaniac and Fumes {god
                  | gift}
  1070 | D        | Noticed a flying skull
  1075 | D        | Slain by an ogre

Illustrated notes

Levels and vault maps discovered:
D:        pitsprint [storerooms_1, entrance_room_1, metal_vault_3, armoury_2,
          mini_pit_1, grid_room_1, main_hall_1, silver_pit, the_coven_3,
          the_vestibule_1, steel_vault_4, golden_pit, hallway_of_sentries,
          crystal_vault_1, iron_vault_1, final_vault]

Skill      XL: |  1  2  3  4  5  6  7 |
---------------+----------------------+-----
Stealth        | 3 4 5 6 7 |  7.6
Fire Magic     | 1 2 4 6 8 |  8.5
Air Magic      | 1 2 3 5 6 7 |  7.7
Earth Magic    | 4 5 7 8 9 |  9.5
Invocations    | 1 2 4 6 |  6.0
Spellcasting   | 4 6 8 10 | 10.7
Conjurations   | 1 2 4 5 |  5.9
Dodging        | |  2.5
Transmutations | |  1.1

Action                     |  1- 3 |  4- 6 |  7- 9 || total
---------------------------+-------+-------+-------++-------
   Cast: Sandblast         |    12 |    13 |       ||    25
         Stone Arrow       |       |     9 |    18 ||    27
    Use: Potion            |       |     6 |     1 ||     7
 Armour: Robe              |     1 |     4 |     6 ||    11
  Dodge: Dodged            |     6 |    19 |     9 ||    34

Table legend: (Time is in decaauts)
 A = Elapsed time spent in this place.
 B = Non-inter-level travel time spent in this place.
 C = Inter-level travel time spent in this place.
 D = Time resting spent in this place.
 E = Time spent auto-exploring this place.
 F = Levels seen in this place.
 G = Mean time per level.
                   A        B        C        D        E       F      G
               +--------+--------+--------+--------+--------+-----+--------+
         Total |   1086 |   1065 |     21 |    861 |      0 |   1 | 1086.0 |
       Dungeon |   1086 |   1065 |     21 |    861 |      0 |   1 | 1086.0 |
               +--------+--------+--------+--------+--------+-----+--------+

Top non-repeatable levels by time:
       D: 1086 daAuts
